 Dungeon Crawl Stone Soup version 0.29.1-15-g9cfb28693d (webtiles) character file.

Game seed: 1669428832900184224

12326 croobank the Brooding (level 11, 0/72 HPs)
             Began as a Demonspawn Fire Elementalist on Mar 20, 2023.
             Was a Priest of Hepliaklqana.
             Slain by an ice beast (11 damage)
             ... summoned by an ice statue
             ... on level 10 of the Dungeon.
             The game lasted 00:34:44 (13228 turns).

croobank the Brooding (DsFE)                       Turns: 13228, Time: 00:34:46

Health: 0/72       AC: 14    Str:  8    XL:     11   Next: 61%
Magic:  20/20      EV: 13    Int: 22    God:    Hepliaklqana [***...]
Gold:   521        SH:  9    Dex: 13    Spells: 15/22 levels left

rFire   + . .      SeeInvis .   E - +3 morningstar (distort)
rCold   . . .      Faith    .   q - +0 buckler
rNeg    . . .      Spirit   .   o - +0 robe {Will+}
rPois   +          Reflect  .   f - +2 helmet
rElec   .          Harm     .   S - +0 cloak
rCorr   .          Rampage  .   (no gloves)
Will    +....                   c - +1 pair of boots
Stlth   +++.......              (no amulet)
HPRegen 0.22/turn               B - ring of protection from fire
MPRegen 0.17/turn               T - ring of poison resistance

@: invisible
A: reduced essence, icemail 1, sharp scales 2, condensation shield, demonic
magic 1, demonic touch 1
a: Renounce Religion, Recall Ancestor, Ancestor Identity, Transference


You were on level 10 of the Dungeon.
You worshipped Hepliaklqana.
Hepliaklqana was most pleased with you.
You visited 1 branch of the dungeon, and saw 10 of its levels.
You also visited: Ossuary.

You collected 521 gold pieces.

Inventory:

Hand Weapons
 s - a +0 spectral trident
 y - a +1 dagger of pain
 A - a +5 hand axe
 C - a -2 demon whip of venom
 E - a +3 morningstar of distortion (weapon)
 M - a +0 scimitar
 R - a +3 quarterstaff of chaos
 X - a +3 dagger of chaos
Missiles
 t - 16 poisoned darts
 V - 3 javelins
Armour
 c - a +1 pair of boots (worn)
 d - a +0 ring mail
 e - a +0 kite shield
 f - a +2 helmet (worn)
 h - the +0 ring mail of Subjectivity {rPois rC+++ Int-2 Dex+3}
   (You found it on level 9 of the Dungeon)

   Int:       It affects your intelligence (-2).
   Dex:       It affects your dexterity (+3).
   rC:        It renders you almost immune to cold.
   rPois:     It protects you from poison.
 o - a +0 robe of willpower (worn)
 q - a +0 buckler (worn)
 S - a +0 cloak (worn)
Magical Staves
 b - a staff of earth
Jewellery
 x - a ring of see invisible
 z - an amulet of faith
 B - a ring of protection from fire (left hand)
 Q - a ring of fire
 T - a ring of poison resistance (right hand)
Wands
 a - a wand of polymorph (9)
 D - a wand of acid (9)
 K - a wand of paralysis (9)
 N - a wand of flame (11)
 U - a wand of mindburst (17)
Scrolls
 i - 2 scrolls of noise
 j - a scroll of poison
 k - a scroll of enchant armour
 l - a scroll of fear
 H - 2 scrolls of magic mapping
 J - 3 scrolls of immolation {unknown}
 O - 6 scrolls of teleportation
 W - a scroll of silence {unknown}
 Z - 2 scrolls of fog {unknown}
Potions
 m - 5 potions of attraction
 n - 3 potions of brilliance
 p - a potion of magic
 r - a potion of invisibility
 u - a potion of haste
 v - 5 potions of flight
 F - 3 potions of curing
 G - 2 potions of lignification
 L - a potion of ambrosia {unknown}
 Y - a potion of mutation {unknown}
Miscellaneous
 w - a box of beasts


   Skills:
 + Level 6.0 Fighting
 + Level 5.1 Maces & Flails
 + Level 5.8 Dodging
 + Level 6.4 Stealth
 + Level 3.9 Shields
 + Level 6.0 Spellcasting
 + Level 6.1 Conjurations
 + Level 6.3 Fire Magic
 * Level 10.7 Invocations


You had 15 spell levels left.
You knew the following spells:

 Your Spells              Type           Power      Damage    Failure   Level
a - Foxfire               Conj/Fire      100%       2x1d9     1%          1
b - Scorch                Fire           68%        2d8       1%          2
c - Flame Wave            Conj/Fire      34%        2d10      9%          4

Your spell library contained the following spells:

 Spells                   Type           Power      Damage    Failure   Level
 Conjure Flame            Conj/Fire      34%        6-21      2%          3
 Inner Flame              Hex/Fire       20%        N/A       10%         3
 Blink                    Tloc           12%        N/A       17%         2
 Lesser Beckoning         Tloc           6%         N/A       34%         3
 Summon Ice Beast         Ice/Summ       6%         N/A       75%         4
 Manifold Assault         Tloc           6%         N/A       97%         5
 Summon Mana Viper        Hex/Summ       6%         N/A       97%         5
 Monstrous Menagerie      Summ           3%         N/A       100%        7
 Storm Form               Tmut/Air       3%         N/A       100%        7


Dungeon Overview and Level Annotations

Branches:
Dungeon (10/15)            Temple (0/1) D:5            Lair (0/5) D:8
    Orc (0/2) D:9         Ossuary (visited)

Altars:
Ashenzari
Cheibriados
Dithmenos
Gozag
Hepliaklqana
Kikubaaqudgha
Makhleb
Qazlal
Sif Muna
Trog
Wu Jian
Xom

Annotations:
D:10 3 runed translucent doors, exclusion: ice statue, ThatPearl's ghost, novice DgEE


Innate Abilities, Weirdness & Mutations

Your life essence is reduced to manifest your ancestor. (-10% HP)
A meltable icy envelope protects you from harm. (AC +4)
You are mostly covered in razor-sharp scales. (AC +2, Slay +2)
A meltable shield of frost defends you. (SH +4)
Spells you cast may paralyse adjacent enemies.
Your touch may inflict minor irresistible damage on your foes.


Message History

The ice statue gestures at you. The freezing blast engulfs you!
Okay, then.
Casting: Scorch (safe; 1% risk of failure)
Confirm with . or Enter, or press ? or * to list all spells.
Flames lash the ice beast.
The ice beast melts!
You kill the ice beast!
The ice beast disappears in a puff of smoke!
Malevolent energies surge around you.
You are engulfed in freezing vapours.
* * * LOW HITPOINT WARNING * * *
The ice beast closely misses you.
You feel much better.
You are engulfed in freezing vapours.
* * * LOW HITPOINT WARNING * * *
The ice beast barely misses you. The ice statue gestures at you.
The bolt of cold hits you!
* * * LOW HITPOINT WARNING * * *
The bolt of cold hits the ice beast.
The ice beast completely resists.
Okay, then.
Okay, then.
You feel much better.
You are engulfed in freezing vapours.
* * * LOW HITPOINT WARNING * * *
You block the ice beast's attack.
Okay, then.
Okay, then.
You feel much better.
You are engulfed in freezing vapours.
* * * LOW HITPOINT WARNING * * *
The ice beast closely misses you.
You fade into invisibility!
The ice beast barely misses you. The ice statue gestures at you.
The shard of ice misses you.
The shard of ice hits the ice beast!!
The ice beast partially resists.
Casting: Scorch (safe; 1% risk of failure)
Confirm with . or Enter, or press ? or * to list all spells.
You don't have enough magic to cast this spell.
Magic courses through your body. The ice beast hits you.
* * * LOW HITPOINT WARNING * * *
The ice beast freezes you!
You die...

#.........##...#...#
#.........# #......# #..
#.........# #....#.. #..#
#.........###.......
#...##...................
#...###########...###...#
#....### #..........
#......########..........
#....°=Y@8#.....######...
#....°$#####.#.......#...
#....#######.#.#####.##..
#...##.......#.........#.
#...###.####.##..#.......
#..## #......##..##....##
#†.# #................ #
#..# ##.....#######... #
#..# #.....# #... #


You could see an ice statue (unable to see you) and an ice beast (summoned,
unable to see you).

Vanquished Creatures
  Amaemon (D:8)
  An unseen horror (D:10)
  An orange demon (D:8)
  Psyche (D:8)
  A troll (D:9)
  A hornet (D:9)
  A shadow (D:9)
  A wyvern (D:8)
  15 yaks
  A steam dragon (D:8)
  A two-headed ogre zombie (D:9)
  2 water moccasins (D:6)
  3 black bears (D:8)
  2 ice beasts
  A sky beast (D:6)
  2 orc warriors (D:9)
  3 ogres
  3 centaurs
  3 phantoms
  An elf zombie (Ossuary)
  4 kobold brigands
  5 bullfrogs
  A gnoll sergeant (D:7)
  5 scorpions
  3 necrophages (D:6)
  9 wights
  3 killer bees (D:8)
  3 howler monkeys
  2 human zombies
  A centaur zombie (Ossuary)
  4 jellies
  2 hounds
  6 orc priests
  Crazy Yiuf (D:7)
  2 iguanas
  4 orc wizards
  5 ogre zombies (D:9)
  2 mummies (Ossuary)
  Robin (D:3)
  2 gnolls (D:7)
  2 adders
  A shadow imp (D:7)
  A white imp (D:5)
  3 ufetubi
  An adder zombie (Ossuary)
  4 worms
  2 dart slugs
  20 orcs
  5 endoplasms
  6 giant cockroaches
  15 goblins
  9 hobgoblins
  2 quokkas
  4 ball pythons
  A bat (D:2)
  2 frilled lizards
  2 goblin skeletons (D:9)
  5 goblin zombies
  A hobgoblin skeleton (D:9)
  10 hobgoblin zombies
  A jackal zombie (Ossuary)
  21 kobolds
  8 kobold zombies (Ossuary)
  3 orc skeletons (D:9)
  22 orc zombies
  4 rats
  A rat zombie (Ossuary)
266 creatures vanquished.

Vanquished Creatures (collateral kills)
  A two-headed ogre (D:9)
  A troll (D:9)
  A hornet (D:9)
  3 yaks
  2 two-headed ogre zombies (D:9)
  A water moccasin (D:8)
  2 black bears (D:8)
  A centaur (D:9)
  2 bullfrogs
  4 wights
  5 killer bees
  5 howler monkeys
  An orc priest (D:9)
  An adder (D:5)
  2 gnolls (D:7)
  2 orcs
  3 kobolds
  A goblin skeleton (D:9)
  A hobgoblin skeleton (D:9)
  2 orc zombies (D:9)
  3 foxfires (D:8)
44 creatures vanquished.

Vanquished Creatures (others)
  11 battlemagi
  2 ancestors (D:6)
  428 foxfires
  51 fungi
  46 plants
538 creatures vanquished.

Grand Total: 848 creatures vanquished

Notes
Turn   | Place    | Note
-------+----------+-------------------------------------------
     0 | D:1      | croobank the Demonspawn Fire Elementalist began the quest
                  | for the Orb.
     0 | D:1      | Reached XP level 1. HP: 13/13 MP: 3/3
   516 | D:1      | Gained mutation: Your touch may inflict minor irresistible
                  | damage on your foes. [demonic ancestry]
   516 | D:1      | Reached XP level 2. HP: 20/20 MP: 1/5
   562 | D:1      | Learned a level 2 spell: Scorch
  1256 | D:1      | Found a faded altar of an unknown god.
  1623 | D:2      | Found a snail-covered altar of Cheibriados.
  1788 | D:2      | Gained mutation: A meltable shield of frost defends you.
                  | (SH +4) [demonic ancestry]
  1788 | D:2      | Reached XP level 3. HP: 25/25 MP: 3/6
  2053 | D:2      | Noticed Robin
  2245 | D:3      | Killed Robin
  2246 | D:3      | Reached skill level 1 in Fighting
  2804 | D:2      | You fall into a shaft and drop 1 floor!
  2827 | D:3      | Gained mutation: A meltable icy envelope protects you from
                  | harm. (AC +4) [demonic ancestry]
  2827 | D:3      | Reached XP level 4. HP: 32/32 MP: 1/7
  3798 | D:3      | Gained mutation: You are partially covered in razor-sharp
                  | scales. (AC +1, Slay +1) [demonic ancestry]
  3798 | D:3      | Reached XP level 5. HP: 37/37 MP: 5/9
  3898 | D:3      | Found a stormy altar of Qazlal.
  3928 | D:3      | Found a shimmering blue altar of Sif Muna.
  3928 | D:3      | Found a hazy altar of Hepliaklqana.
  3936 | D:3      | Found a shimmering altar of Xom.
  3950 | D:3      | Became a worshipper of Hepliaklqana the Forgotten
  4318 | D:4      | Reached skill level 1 in Invocations
  4600 | D:4      | Reached skill level 2 in Invocations
  4600 | D:4      | Gained mutation: Spells you cast may paralyse adjacent
                  | enemies. [demonic ancestry]
  4600 | D:4      | Reached XP level 6. HP: 43/44 MP: 0/10
  5268 | D:4      | Found a snail-covered altar of Cheibriados.
  5463 | D:5      | Entered Level 5 of the Dungeon
  5517 | D:5      | Reached * piety under Hepliaklqana
  5553 | D:5      | Found a staircase to the Ecumenical Temple.
  5563 | D:5      | Reached skill level 3 in Invocations
  5563 | D:5      | Reached XP level 7. HP: 45/45 MP: 11/11
  5588 | D:5      | Found an opulent altar of Gozag.
  5832 | D:5      | Found a bloodstained altar of Trog.
  5920 | D:5      | Reached skill level 1 in Maces & Flails
  6150 | D:6      | Reached skill level 4 in Invocations
  6195 | D:6      | Found a burning altar of Makhleb.
  6241 | D:6      | Reached XP level 8. HP: 44/51 MP: 2/13
  6302 | D:6      | Reached skill level 5 in Invocations
  6326 | D:6      | HP: 2/52 [wight/+2 falchion (7)]
  6664 | D:6      | Reached skill level 6 in Invocations
  6679 | D:6      | Found a sand-covered staircase.
  6688 | Ossuary  | Entered an ossuary
  7217 | Ossuary  | Reached XP level 9. HP: 58/58 MP: 4/15
  8380 | D:7      | Reached skill level 1 in Shields
  8380 | D:7      | Reached skill level 7 in Invocations
  8398 | D:7      | Learned a level 4 spell: Flame Wave
  8443 | D:7      | Reached ** piety under Hepliaklqana
  8444 | D:7      | Remembered your ancestor Arammadara as a battlemage
  8789 | D:7      | Reached skill level 5 in Fire Magic
  9495 | D:7      | Found a runed translucent door.
  9496 | D:7      | Noticed Crazy Yiuf
  9502 | D:7      | Killed Crazy Yiuf
  9675 | D:8      | Noticed Amaemon
  9675 | D:8      | Noticed an orange demon
  9686 | D:8      | Killed an orange demon
  9687 | D:8      | Reached skill level 5 in Stealth
  9695 | D:8      | Killed Amaemon
  9696 | D:8      | Reached skill level 8 in Invocations
  9696 | D:8      | Reached XP level 10. HP: 34/65 MP: 8/17
 10000 | D:8      | Reached skill level 5 in Conjurations
 10003 | D:8      | Found a staircase to the Lair.
 10010 | D:8      | Reached skill level 5 in Spellcasting
 10310 | D:8      | Found an ornate altar of the Wu Jian Council.
 10373 | D:8      | Noticed Psyche
 10377 | D:8      | Reached skill level 5 in Dodging
 10387 | D:8      | Killed Psyche
 10388 | D:8      | Reached skill level 5 in Fighting
 10891 | D:8      | Found a shadowy altar of Dithmenos.
 11034 | D:9      | Reached skill level 9 in Invocations
 11220 | D:9      | Found a staircase to the Orcish Mines.
 11457 | D:9      | Identified the +0 ring mail of Subjectivity {rPois rC+++
                  | Int-2 Dex+3}
 11536 | D:9      | Noticed a two-headed ogre
 11659 | D:9      | Killed a two-headed ogre
 11660 | D:9      | Gained mutation: You are mostly covered in razor-sharp
                  | scales. (AC +2, Slay +2) [demonic ancestry]
 11660 | D:9      | Reached XP level 11. HP: 72/72 MP: 12/19
 11892 | D:9      | Reached skill level 10 in Invocations
 12192 | D:9      | Found an ancient bone altar of Kikubaaqudgha.
 12356 | D:9      | Found a broken altar of Ashenzari.
 12658 | D:10     | Entered Level 10 of the Dungeon
 12770 | D:10     | Reached *** piety under Hepliaklqana
 12965 | D:10     | Found a runed translucent gate.
 12965 | D:10     | Found a runed translucent gate.
 12965 | D:10     | Found a runed translucent gate.
 12973 | D:10     | Reached skill level 5 in Maces & Flails
 12982 | D:10     | Noticed ThatPearl's ghost (novice DgEE)
 13228 | D:10     | Slain by an ice beast

Illustrated notes

Levels and vault maps discovered:
D:1:      shiori_arrival_oz, layout_loops_ring,
          hellmonk_ecumenical_altar_lost_god
D:2:      layout_basic, basic_altar, uniq_robin
D:3:      layout_basic, grunt_temple_overflow_open
D:4:      layout_cave_pools, chei_slow_surprise
D:5:      layout_basic, trog_three_pillars_becter, overflow_temple_1_default,
          minmay_temple_entry_stoned_glass
D:6:      layout_loops_ring, bloody_makhleb, enter_ossuary_3, minivault_11,
          chequers_garden
D:7:      layout_loops_cross, elyvilon_altar_3, minmay_misc_feat_x, st_stairs_6,
          uniq_crazy_yiuf_cottage
D:8:      layout_basic, mainiacjoe_overflow_surrounded_room,
          nzn_wu_jian_contemplation, due_lair_maze_entry_diamond, minivault_24,
          uniq_psyche, uniq_amaemon
D:9:      layout_roguey, cheibrodos_ashenzari_chains,
          mainiacjoe_overflow_24_doors, zombieorc2_lemuel, minmay_quadrilaterals
D:10:     minmay_statue_hallways, layout_basic, kennysheep_little_box,
          gammafunk_ghost_nasty_kobolds

Skill      XL: |  1  2  3  4  5  6  7  8  9 10 11 |
---------------+----------------------------------+-----
Stealth        | 2 3 4 5 6 |  6.4
Dodging        | 2 3 4 5 |  5.8
Fire Magic     | 3 4 5 6 |  6.3
Fighting       | 1 2 3 4 5 6 |  6.0
Conjurations   | 2 3 4 5 6 |  6.1
Invocations    | 2 3 4 6 8 9 10 | 10.7
Spellcasting   | 3 4 5 6 |  6.0
Maces & Flails | 1 2 3 4 5 |  5.1
Shields        | 2 3 |  3.9

Action                   |  1- 3 |  4- 6 |  7- 9 | 10-12 || total
-------------------------+-------+-------+-------+-------++-------
Melee: Unarmed           |     6 |       |       |       ||     6
       Dagger            |     9 |    42 |       |       ||    51
       Touch             |     3 |     4 |    18 |       ||    25
       Morningstar       |       |    11 |   116 |   118 ||   245
       Punch             |       |       |     1 |       ||     1
 Cast: Foxfire           |    36 |    58 |    53 |   106 ||   253
       Scorch            |    31 |    16 |    64 |    93 ||   204
       Flame Wave        |       |       |       |     2 ||     2
Invok: Recall Ancestor   |       |       |     1 |       ||     1
       Ancestor Life: Ba |       |       |     1 |       ||     1
  Use: Potion            |       |     2 |     5 |     9 ||    16
       Scroll            |       |     9 |    10 |     2 ||    21
 Stab: Sleeping          |       |     2 |       |       ||     2
       Paralysed         |       |       |    16 |    16 ||    32
       Distracted        |       |       |     1 |       ||     1
Armor: Robe              |     3 |    33 |    59 |    49 ||   144
Dodge: Dodged            |    14 |    33 |   131 |    77 ||   255
Block: Other             |     4 |    10 |    32 |       ||    46
       Buckler           |       |       |    10 |    54 ||    64
